 Dungeon Crawl Stone Soup version 0.17.2-1-ge4368a0 (webtiles) character file.

1146 Goblin1989 the Grappler (level 8, -1/39 HPs)
             Began as a Vine Stalker Fighter on July 19, 2018.
             Slain by a yak (6 damage)
             ... on level 4 of the Dungeon.
             The game lasted 00:15:26 (3607 turns).

Goblin1989 the Grappler (Vine Stalker Fighter)      Turns: 3607, Time: 00:15:26

Health: -1/39      AC:  6    Str: 22    XL:     8   Next: 38%
Magic:  0/18       EV:  7    Int:  8    God:
Gold:   195        SH:  9    Dex: 13    Spells: 0 memorised, 7 levels left

rFire  . . .     SeeInvis .       - Unarmed
rCold  . . .     Clarity  .     t - -1 scale mail
rNeg   . . .     SustAt   .     b - +0 shield
rPois  .         Gourm    .     (no helmet)
rElec  .         Spirit   +     (no cloak)
rCorr  +         Warding  .     p - +0 pair of gloves
rMut   .         Stasis   .     (no boots)
MR     +....                    g - amulet of resist corrosion
Stlth  ..........               v - ring of loudness
                                r - ring of magical power

@: somewhat resistant to hostile enchantments, extremely unstealthy
A: fangs 3, regeneration 2, magic shield, antimagic bite, no device heal 3, rot
immunity
a: no special abilities


You were on level 4 of the Dungeon.
You were not hungry.

You visited 1 branch of the dungeon, and saw 5 of its levels.

You collected 195 gold pieces.

Inventory:

Hand Weapons
 w - a +0 blowgun {@w1}
Missiles
 m - 17 poisoned needles
Armour
 a - a +0 scale mail
 b - a +0 shield (worn)
 p - a +0 pair of gloves (worn)
 t - a -1 scale mail (worn)
Jewellery
 g - an amulet of resist corrosion (around neck)
 o - an uncursed ring of positive energy
 r - a ring of magical power (left hand)
 v - a ring of loudness (right hand)
Scrolls
 h - a scroll of blinking {unknown}
 i - a scroll of enchant weapon
 u - 4 scrolls of remove curse {@r2}
 x - a scroll of magic mapping {unknown}
 y - 2 scrolls of immolation
 C - a scroll of random uselessness {unknown}
 D - a scroll of fog {unknown}
 F - a scroll of recharging {unknown}
 R - 2 scrolls of identify {@r1}
 T - 2 scrolls of teleportation {@r3, !r}
Potions
 c - a potion of might
 d - a potion of magic {unknown}
 f - 2 potions of curing {@q1}
 l - a potion of poison {unknown}
 n - a potion of invisibility {unknown}
 s - a potion of brilliance {unknown}
 A - a potion of lignification {unknown}
 B - a potion of beneficial mutation {unknown}
 E - a potion of mutation {unknown}
Books
 G - a book of Power

   Spells                             Type                      Level
   a - Fulminant Prism                Conjuration/Hexes            4
   b - Iskenderun's Mystic Blast      Conjuration                  4
   c - Venom Bolt                     Conjuration/Poison           5
   d - Bolt of Magma                  Conjuration/Fire/Earth       5
   e - Iron Shot                      Conjuration/Earth            6
   f - Orb of Destruction             Conjuration                  7
   g - Spellforged Servitor           Conjuration/Summoning        7
Comestibles
 e - 5 bread rations {@e1}
 j - 2 beef jerkies
 k - a meat ration {@e2}
 q - 2 slices of pizza


   Skills:
 - Level 2.6 Fighting
 - Level 2.4 Armour
 - Level 2.6 Shields
 + Level 9.9 Unarmed Combat


You had 7 spell levels left.
You didn't know any spells.

Dungeon Overview and Level Annotations

Branches:
Dungeon (5/15)
 Temple: D:4-7

Altars:
Dithmenos
Fedhas
Nemelex Xobeh
Okawaru
Qazlal
Sif Muna
Trog

Shops:
D:4 !


Innate Abilities, Weirdness & Mutations

You have razor-sharp teeth.
You heal very quickly.
When hurt, damage is shared between your health and your magic reserves.
Your bite disrupts and absorbs the magic of your enemies.
Potions and wands cannot restore your health.
You are immune to rotting.


Message History

The ogre is poisoned.
The yak barely misses you. You block the ogre's attack.
Firing (i - inventory):
m - 24 poisoned needles (quivered)
Press: ? - help, Shift-Dir - straight line, f/p - ogre
Aim: an ogre, wielding a giant club (moderately wounded, poisoned)
You shoot a poisoned needle.
The poisoned needle barely misses the ogre.
The yak gores you! The ogre hits you with a giant club!
You take 13 damage, and have 26/39 hp.
O_OOPS!!
MASSIVE DAMAGE!!
You now have 13/18 mp.
Firing (i - inventory):
m - 23 poisoned needles (quivered)
Press: ? - help, Shift-Dir - straight line, f/p - ogre
Aim: an ogre, wielding a giant club (moderately wounded, poisoned)
You shoot a poisoned needle. The poisoned needle hits the yak!
The yak looks even sicker.
The yak is heavily wounded.
The ogre looks more healthy.
You block the scorpion's attack. The yak barely misses you. The yak gores you!
You take 5 damage, and have 23/39 hp.
You now have 11/18 mp.
You block the scorpion's attack. The scorpion barely misses you.
You see here a ball python corpse.
You see here a pair of gloves.
There is an open door here.
Firing (i - inventory):
m - 22 poisoned needles (quivered)
Press: ? - help, Shift-Dir - straight line, f/p - ogre
Aim: an ogre, wielding a giant club (moderately wounded)
You shoot a poisoned needle. The poisoned needle hits the scorpion!
The scorpion is poisoned.
The phantom blinks!
The scorpion stings you but does no damage.
Firing (i - inventory):
m - 21 poisoned needles (quivered)
Press: ? - help, Shift-Dir - straight line, f/p - ogre
Aim: an ogre, wielding a giant club (moderately wounded)
You shoot a poisoned needle.
The poisoned needle closely misses the scorpion.
The poisoned needle hits the ogre!
The ogre is poisoned.
The ogre is moderately wounded.
The scorpion stings you! The yak gores you!
* * * LOW HITPOINT WARNING * * *
You take 13 damage, and have 15/39 hp.
O_OOPS!!
MASSIVE DAMAGE!!
You now have 6/18 mp.
The phantom blinks!
There is a sparkling altar of Nemelex Xobeh here.
You kill the scorpion!
The phantom blinks!
There is a shadowy altar of Dithmenos here.
The phantom hits you!
* * * LOW HITPOINT WARNING * * *
You take 5 damage, and have 13/39 hp.
You now have 5/18 mp.
The phantom blinks!
There is a stone staircase leading up here.
Firing (i - inventory):
m - 20 poisoned needles (quivered)
Press: ? - help, Shift-Dir - straight line, f/p - ogre
Aim: an ogre, wielding a giant club (heavily wounded, poisoned)
You shoot a poisoned needle. The poisoned needle hits the ogre.
The ogre looks even sicker.
The ogre is heavily wounded.
Firing (i - inventory):
m - 19 poisoned needles (quivered)
Press: ? - help, Shift-Dir - straight line, f/p - ogre
Aim: an ogre, wielding a giant club (heavily wounded, poisoned)
You shoot a poisoned needle. The poisoned needle hits the yak!
The yak looks even sicker.
The yak is severely wounded.
You block the phantom's attack.
Unknown command.
Firing (i - inventory):
m - 18 poisoned needles (quivered)
Press: ? - help, Shift-Dir - straight line, f/p - ogre
Aim: an ogre, wielding a giant club (heavily wounded, poisoned)
You shoot a poisoned needle.
The poisoned needle closely misses the yak.
The poisoned needle hits the ogre.
The ogre looks even sicker.
The ogre is heavily wounded.
You block the phantom's attack.
Unknown command.
The phantom hits you.
* * * LOW HITPOINT WARNING * * *
You block the yak's attack.
You climb upwards.
There is a stone staircase leading down, spattered with blood here.
You take 2 damage, and have 13/39 hp.
Unknown command.
You are now empty-handed.
You block the phantom's attack.
Unknown command.
You hit the yak.
The yak is almost dead.
The yak closely misses you. The yak gores you but does no damage.
Unknown command.
You completely miss the yak. You bite the yak! You drain its power.
You feel invigorated.
You kill the yak!
The phantom hits you.
* * * LOW HITPOINT WARNING * * *
The phantom blinks!
The yak barely misses you.
You take 2 damage, and have 12/39 hp.
You hit the yak but do no damage. Your bite misses the yak. The yak gores you!
* * * LOW HITPOINT WARNING * * *
You take 7 damage, and have 5/39 hp.
You now have 2/18 mp.
You punch the yak! You bite the yak! You drain its power.
You feel invigorated.
The yak is heavily wounded.
The yak gores you!
You die... █.█.█...██ █.......█ █....██..█ █.......█ ....████.██ █.█...█.█ █████

█..█ █.█████.█ ██.█
█.█ █.█ █.█ █.█ █.█
█████████∆████████.█
█.█
.██...██...██..Y██.█
█.█
██<.Ψ...(Ψ.W(.Ψ†@███
█.█
██...██...██..§██
█.█ ███████∆███████
█.█ █.█ ██.██ ███.█
██.█ █...█ █...█
█..█ █.Ψ.█ █.███
██.██ █...█ █.█
██...████<██ █^█
...█....███ █.█


You could see a yak and a phantom.

Vanquished Creatures
  A yak (D:4)
  Menkaure (D:4)
  A centaur (D:4)
  2 ogres (D:4)
  2 scorpions
  A gnoll shaman (D:3)
  3 hounds (D:4)
  3 orc wizards
  An orc priest (D:4)
  Terence (D:3)
  2 worker ants
  6 adders
  5 gnolls
  A worker ant zombie (D:5)
  An adder skeleton (D:4)
  5 worms (D:2)
  4 giant geckos
  12 orcs
  7 goblins
  12 hobgoblins
  4 kobolds
  4 ball pythons
  8 bats
  4 giant cockroaches
  3 giant newts (D:3)
  13 rats
107 creatures vanquished.

Vanquished Creatures (others)
  An orc wizard (D:3)
1 creature vanquished.

Grand Total: 108 creatures vanquished

Notes
Turn   | Place    | Note
--------------------------------------------------------------
     0 | D:1      | Goblin1989 the Vine Stalker Fighter began the quest for the Orb.
     0 | D:1      | Reached XP level 1. HP: 11/11 MP: 2/2
   267 | D:1      | Reached XP level 2. HP: 16/16 MP: 3/3
   382 | D:1      | Reached skill level 3 in Unarmed Combat
   628 | D:2      | Reached XP level 3. HP: 19/19 MP: 4/4
   853 | D:2      | Found a bloodstained altar of Trog.
  1032 | D:2      | Reached skill level 4 in Unarmed Combat
  1062 | D:2      | Reached XP level 4. HP: 20/23 MP: 5/5
  1378 | D:2      | Reached skill level 5 in Unarmed Combat
  1378 | D:2      | Reached XP level 5. HP: 17/27 MP: 6/6
  2025 | D:3      | Reached skill level 6 in Unarmed Combat
  2025 | D:3      | Gained mutation: You heal very quickly. [Vine Stalker growth]
  2025 | D:3      | Reached XP level 6. HP: 32/32 MP: 7/7
  2166 | D:3      | Noticed Terence
  2182 | D:3      | Killed Terence
  2614 | D:4      | Noticed Menkaure
  2629 | D:4      | Killed Menkaure
  2629 | D:4      | Reached skill level 7 in Unarmed Combat
  2629 | D:4      | Reached XP level 7. HP: 26/35 MP: 8/8
  2849 | D:4      | Found Ukewaq's Distillery.
  2979 | D:4      | Reached skill level 8 in Unarmed Combat
  3357 | D:5      | Entered Level 5 of the Dungeon
  3357 | D:5      | Noticed a yak
  3357 | D:5      | Noticed a yak
  3357 | D:5      | Noticed a yak
  3357 | D:5      | Noticed a yak
  3357 | D:5      | Noticed a yak
  3386 | D:5      | Found a shadowy altar of Dithmenos.
  3386 | D:5      | Found a blossoming altar of Fedhas.
  3386 | D:5      | Found an iron altar of Okawaru.
  3386 | D:5      | Found a deep blue altar of Sif Muna.
  3386 | D:5      | Found a sparkling altar of Nemelex Xobeh.
  3407 | D:4      | Reached skill level 9 in Unarmed Combat
  3407 | D:4      | Gained mutation: You have razor-sharp teeth. [Vine Stalker growth]
  3407 | D:4      | Reached XP level 8. HP: 15/39 MP: 9/9
  3458 | D:5      | Found a stormy altar of Qazlal.
  3605 | D:4      | Killed a yak
  3607 | D:4      | Slain by a yak

Action                   |  1- 3 |  4- 6 |  7- 9 || total
-------------------------+-------+-------+-------++-------
Melee: Unarmed           |   105 |   214 |    81 ||   400
 Fire: Blowgun           |       |       |    23 ||    23
  Use: Scroll            |       |     6 |     1 ||     7
  Eat: Chunk             |       |     6 |     3 ||     9

Vault maps used:
D:1:      minmay_arrival_split_and_join, minmay_misc_feat_doors,
          minmay_rat_gold_closets
D:2:      bloody_trog, first_bread, roderic_roman_lattice, amalloy_card_club
D:3:      uniq_terence
D:4:      serial_shops, shop, grunt_ministairs_5, uniq_menkaure
D:5:      grunt_temple_overflow_open, serial_shops, shop, kennysheep_cross_room
